 Dungeon Crawl Stone Soup version 0.30-a0-739-gea05faddec (webtiles) character file.

Game seed: 17064320170822309494

84 jimonade the Magician (level 4, -4/31 HPs)
             Began as a Djinni Hedge Wizard on Feb 4, 2023.
             Killed from afar by an orc wizard (9 damage)
             ... with a magic dart
             ... on level 3 of the Dungeon.
             The game lasted 00:03:13 (1575 turns).

jimonade the Magician (Djinni Hedge Wizard)         Turns: 1575, Time: 00:03:14

Health: -4/31      AC:  5    Str: 11    XL:     4   Next: 74%
Gold:   114        EV: 12    Int: 15    God:
                   SH:  3    Dex: 13

rFire   + + .      SeeInvis .    i - +2 whip (elec)
rCold   x . .      Faith    .    l - +0 buckler
rNeg    . . .      Spirit   .    s - +0 steam dragon scales
rPois   ∞          Reflect  .    c - +0 hat
rElec   .          Harm     .    (no cloak)
rCorr   .          Rampage  .    (no gloves)
Will    .....                    (boots unavailable)
Stlth   ++                       (no amulet)
HPRegen 0.25/turn                (no ring)
MPRegen 0.00/turn                (no ring)

@: flying
A: sickness immunity, fire resistance 2, cold vulnerability 1, float, innate
caster, HP casting, extra vitality 1
a: no special abilities


You were on level 3 of the Dungeon.
You visited 1 branch of the dungeon, and saw 3 of its levels.

You collected 114 gold pieces.

Inventory:

Hand Weapons
 a - a +0 dagger
 i - a +2 whip of electrocution (weapon)
Armour
 b - a +0 robe
 c - a +0 hat (worn)
 f - a +0 ring mail
 l - a +0 buckler (worn)
 m - a +0 leather armour
 s - +0 steam dragon scales (worn)
Magical Staves
 t - a staff of death
Scrolls
 e - a scroll of poison {unknown}
 g - 2 scrolls of noise {unknown}
 k - a scroll of immolation {unknown}
 o - a scroll of enchant weapon {unknown}
 q - a scroll of fog {unknown}
Potions
 d - a potion of magic
 h - a potion of brilliance {unknown}
 j - a potion of flight {unknown}
 n - a potion of might {unknown}
 p - a potion of haste {unknown}
 r - a potion of mutation {unknown}
 u - a potion of lignification {unknown}


   Skills:
 + Level 0.1 Fighting
 + Level 0.2 Armour
 + Level 2.5 Dodging
 - Level 1.5 Stealth
 + Level 0.2 Shields
 * Level 3.7 Spellcasting


You couldn't memorise any spells.
You knew the following spells:

 Your Spells              Type           Power      Damage    Failure   Level
a - Magic Dart            Conj           56%        1d5       5%          1
b - Slow                  Hex            56%        N/A       5%          1
c - Blink                 Tloc           28%        N/A       9%          2
d - Call Imp              Summ           14%        N/A       9%          2
e - Mephitic Cloud        Conj/Pois/Air  14%        N/A       16%         3
f - Sting                 Tmut/Pois      56%        1d5       5%          1
Your spell library was empty.

Dungeon Overview and Level Annotations

Branches:
Dungeon (3/15)

Altars:


Innate Abilities, Weirdness & Mutations

You are immune to sickness and miasma.
You are immune to poison.
Your flesh is very heat resistant. (rF++)
You are vulnerable to cold. (rC-)
You float through the air rather than walking.
You learn spells naturally, not from books.
Your magical power is your life essence.
You have superior vitality. (+4 MHP)


Message History

The bat misses you. Something hits you but does no damage.
You barely miss the orc wizard.
The orc wizard is severely wounded.
The bat hits you. The bat hits you but does no damage.
The orc wizard barely misses you. Something hits you.
You barely miss the orc wizard.
The orc wizard is severely wounded.
The bat barely misses you.
The orc wizard hits you but does no damage.
Something hits you.
* * * LOW HITPOINT WARNING * * *
You hit the orc wizard.
Lightning courses through the orc wizard!
You kill the orc wizard!
The bat hits you but does no damage. The bat closely misses you.
Something hits you.
* * * LOW HITPOINT WARNING * * *
The bat hits you but does no damage.
You hit the bat.
The bat is severely wounded.
The bat hits you.
* * * LOW HITPOINT WARNING * * *
Something hits you but does no damage.
You hit the bat.
You kill the bat!
Something hits you.
* * * LOW HITPOINT WARNING * * *
Something hits you but does no damage.
You closely miss something. Something hits you.
* * * LOW HITPOINT WARNING * * *
You hit something. Something hits you but does no damage.
You miss something. Something hits you but does no damage.
You hit something but do no damage.
An orc wizard appears from thin air!
Reactivating autopickup.
The orc wizard hits you but does no damage.
You hit the orc wizard.
The orc wizard is moderately wounded.
The orc wizard casts a spell at you. The magic dart hits you!
You die...

..# ### .... ..# .... #
#.# .... #. #.# ...## #.#
#.# ..# ..#. ..# #.# ..#
...# # # #.##.# ..# ...#
..# #.##.##...##..# .#.#
..# #.....@o......#
...##..# #.##.##.)###.##
.......# ..........).##
......###.............$.#
...............###.####.#
#...).## ###### #.# #
#....## #.# ##..## #.#
##..# ####.######.


You could see an orc wizard.

Vanquished Creatures
  An orc wizard (D:3)
  4 dart slugs
  An orc (D:3)
  6 bats
  5 endoplasms
  3 giant cockroaches (D:1)
  2 goblins (D:1)
  8 hobgoblins
  5 ball pythons
  A frilled lizard (D:3)
  6 kobolds
  6 rats
48 creatures vanquished.

Notes
Turn   | Place    | Note
-------+----------+-------------------------------------------
     0 | D:1      | jimonade the Djinni Hedge Wizard began the quest for the
                  | Orb.
     0 | D:1      | jimonade set off with the following spells memorised: Magic
                  | Dart, Slow, Blink, Call Imp, Mephitic Cloud.
     0 | D:1      | Reached XP level 1. HP: 15/15 MP: 0/0
   138 | D:1      | Reached XP level 2. HP: 20/21 MP: 0/0
   223 | D:1      | Reached skill level 3 in Spellcasting
   335 | D:1      | Reached XP level 3. HP: 21/25 MP: 0/0
   335 | D:1      | Learned a level 1 spell: Sting
   985 | D:2      | Reached XP level 4. HP: 19/31 MP: 0/0
  1575 | D:3      | Killed from afar by an orc wizard

Illustrated notes

Levels and vault maps discovered:
D:1:      roderic_crossed_star, layout_basic
D:2:      layout_basic, minmay_misc_feat_pillars
D:3:      layout_loops_ring, kennysheep_small_spiral

Skill      XL: |  1  2 |
---------------+-------+-----
Spellcasting   | 3 |  3.7
Fighting       | |  0.1
Armour         | |  0.2
Dodging        | |  2.5
Stealth        | |  1.5
Shields        | |  0.2

Action                     |  1- 3 |  4- 6 || total
---------------------------+-------+-------++-------
  Melee: Whip              |    30 |    37 ||    67
   Cast: Magic Dart        |    67 |       ||    67
   Stab: Sleeping          |       |     1 ||     1
 Armour: Robe              |     6 |       ||     6
         Leather armour    |     7 |       ||     7
         Steam dragon scal |       |    24 ||    24
  Dodge: Dodged            |    36 |    28 ||    64
  Block: Buckler           |     7 |     3 ||    10

Table legend: (Time is in decaauts)
 A = Elapsed time spent in this place.
 B = Non-inter-level travel time spent in this place.
 C = Inter-level travel time spent in this place.
 D = Time resting spent in this place.
 E = Time spent auto-exploring this place.
 F = Levels seen in this place.
 G = Mean time per level.
                   A        B        C        D        E       F      G
               +--------+--------+--------+--------+--------+-----+--------+
         Total |   1583 |   1490 |     93 |      0 |   1102 |   3 |  527.7 |
       Dungeon |   1583 |   1490 |     93 |      0 |   1102 |   3 |  527.7 |
               +--------+--------+--------+--------+--------+-----+--------+

Top non-repeatable levels by time:
     D:1: 719 daAuts
     D:2: 622 daAuts
     D:3: 241 daAuts
